SKY
TEXAS RANGERS @ HOUSTON ASTROS
10/07/2051
 
TOP OF THE 1ST
Texas Rangers batting - Pitching for Houston Astros : LHP Jordan Dozier
Pitching: LHP Jordan Dozier
Batting: RHB Pedro Medrano 0-0: Called Strike
0-1: Swinging Strike
0-2: Ball
1-2: Strikes out swinging
Batting: RHB Matt Mechler 0-0: Ball
1-0: Hit by Pitch
Batting: RHB Santo Alonso 0-0: Foul Ball, location: 2F
0-1: Ball
1-1: Foul Ball, location: 2F
1-2: Fielders Choice at 2nd, 3-6 (Groundball, 3S, EV 78.1 MPH)
Batting: RHB Fee Durrell 0-0: Called Strike
0-1: Ball
1-1: Swinging Strike
1-2: Foul Ball, location: 7LDF
1-2: Ball
2-2: Fly out, F8 (Flyball, 89D, EV 81.9 MPH)
Top of the 1st over - 0 runs, 0 hits, 0 errors, 1 left on base; Texas 0 - Houston 0
BOTTOM OF THE 1ST
Houston Astros batting - Pitching for Texas Rangers : LHP Sebastian Nodal
Pitching: LHP Sebastian Nodal
Batting: LHB Fallon Harrigan 0-0: Called Strike
0-1: Foul Ball, location: 7LSF
0-2: Strikes out swinging
Batting: RHB Bill Thyfault 0-0: Called Strike
0-1: Ground out 4-3 (Groundball, 4, EV 100.0 MPH)
Batting: RHB Joshua Massengill 0-0: Ball
1-0: Swinging Strike
1-1: Foul Ball, location: 9LMF
1-2: Strikes out looking
Bottom of the 1st over - 0 runs, 0 hits, 0 errors, 0 left on base; Texas 0 - Houston 0
TOP OF THE 2ND
Texas Rangers batting - Pitching for Houston Astros : LHP Jordan Dozier
Batting: RHB Roman De Gama 0-0: Called Strike
0-1: Swinging Strike
0-2: Fly out, F2 (Popup, 2RF, EV 81.9 MPH)
Batting: RHB Yanus Cartageno 0-0: Called Strike
0-1: Foul Ball, location: 9LDF
0-2: Ball
1-2: Foul Ball, location: 9LMF
1-2: Strikes out looking
Batting: RHB Brock Boon 0-0: Fly out, F6 (Popup, P, EV 74.4 MPH)
Top of the 2nd over - 0 runs, 0 hits, 0 errors, 0 left on base; Texas 0 - Houston 0
BOTTOM OF THE 2ND
Houston Astros batting - Pitching for Texas Rangers : LHP Sebastian Nodal
Batting: LHB Caleb England 0-0: SOLO HOME RUN (Flyball, 89XD, EV 101.9 MPH), Distance : 413 ft
Batting: RHB Stephan Davis 0-0: Fly out, F9 (Flyball, 89S, EV 81.3 MPH)
Batting: RHB P.J. Sandino 0-0: Ball
1-0: Fly out, F6 (Popup, 6M, EV 77.5 MPH)
Batting: SHB Rylan Hayes 0-0: Fly out, F9 (Line Drive, 9, EV 93.1 MPH)
Bottom of the 2nd over - 1 run, 1 hit, 0 errors, 0 left on base; Texas 0 - Houston 1
TOP OF THE 3RD
Texas Rangers batting - Pitching for Houston Astros : LHP Jordan Dozier
Batting: RHB Marco Ramos 0-0: Ball
1-0: Ball
2-0: Foul Ball, location: 9LSF
2-1: Foul Ball, location: 9LDF
2-2: Fly out, F8 (Flyball, 8LXD, EV 110.6 MPH)
Batting: LHB Danby Keller 0-0: Called Strike
0-1: SINGLE (Groundball, 4D, EV 107.5 MPH)
Batting: RHB Pedro Medrano 0-0: Ball
1-0: Swinging Strike
1-1: Ball
2-1: Foul Ball, location: 25FF
2-2: SINGLE (Flyball, 4D, EV 85.6 MPH)
Danby Keller to second
Batting: RHB Matt Mechler 0-0: Swinging Strike
0-1: Ball
1-1: Called Strike
1-2: Strikes out swinging
Batting: RHB Santo Alonso 0-0: Foul Ball, location: 2F
0-1: Ball
1-1: Foul Ball, location: 3SF
1-2: Strikes out swinging
Top of the 3rd over - 0 runs, 2 hits, 0 errors, 2 left on base; Texas 0 - Houston 1
BOTTOM OF THE 3RD
Houston Astros batting - Pitching for Texas Rangers : LHP Sebastian Nodal
Batting: RHB Nicky Alvarez 0-0: Foul Ball, location: 9LDF
0-1: Ground out 3-1 (Groundball, 34S, EV 81.3 MPH)
Batting: RHB Nick Burkard 0-0: Ground out 6-3 (Groundball, 6, EV 96.9 MPH)
Batting: LHB Fallon Harrigan 0-0: Ball
1-0: Foul Ball, location: 3F
1-1: Ball
2-1: Ball
3-1: Foul Ball, location: 2F
3-2: Foul Ball, location: 2F
3-2: Fly out, F7 (Flyball, 7LSF, EV 91.3 MPH)
Bottom of the 3rd over - 0 runs, 0 hits, 0 errors, 0 left on base; Texas 0 - Houston 1
TOP OF THE 4TH
Texas Rangers batting - Pitching for Houston Astros : LHP Jordan Dozier
Batting: RHB Fee Durrell 0-0: Swinging Strike
0-1: Ball
1-1: Ball
2-1: Foul Ball, location: 2RF
2-2: Ball
3-2: SOLO HOME RUN (Flyball, 89XD, EV 101.3 MPH), Distance : 410 ft
Batting: RHB Roman De Gama 0-0: Fly out, F7 (Line Drive, 7LS, EV 93.8 MPH)
Batting: RHB Yanus Cartageno 0-0: Ball
1-0: Swinging Strike
1-1: Ball
2-1: Ball
3-1: Swinging Strike
3-2: Base on Balls
Batting: RHB Brock Boon 0-0: Called Strike
0-1: Ball
1-1: Foul Ball, location: 2F
1-2: Fielders Choice at 2nd, 6-4 (Groundball, 6, EV 86.9 MPH)
Batting: RHB Marco Ramos 0-0: Ball
Wild Pitch!
Brock Boon to second
1-0: Called Strike
1-1: Called Strike
1-2: Strikes out looking
Top of the 4th over - 1 run, 1 hit, 0 errors, 1 left on base; Texas 1 - Houston 1
BOTTOM OF THE 4TH
Houston Astros batting - Pitching for Texas Rangers : LHP Sebastian Nodal
Batting: RHB Bill Thyfault 0-0: SINGLE (Line Drive, 34, EV 96.9 MPH)
Batting: RHB Joshua Massengill 0-0: Called Strike
0-1: Ball
1-1: Ball
2-1: Fly out, F6 (Popup, 6D, EV 36.3 MPH)
Batting: LHB Caleb England 0-0: Ball
1-0: Called Strike
1-1: SINGLE (Line Drive, 4M, EV 105.6 MPH)
Bill Thyfault to second
Batting: RHB Stephan Davis 0-0: Ball
1-0: Swinging Strike
1-1: Ball
2-1: Ball
3-1: Foul Ball, location: 25F
3-2: Strikes out swinging
Batting: RHB P.J. Sandino 0-0: Called Strike
0-1: Fly out, F9 (Flyball, 89M, EV 98.1 MPH)
Bottom of the 4th over - 0 runs, 2 hits, 0 errors, 2 left on base; Texas 1 - Houston 1
TOP OF THE 5TH
Texas Rangers batting - Pitching for Houston Astros : LHP Jordan Dozier
Batting: LHB Danby Keller 0-0: Swinging Strike
0-1: Ground out 6-3 (Groundball, 6, EV 84.4 MPH)
Batting: RHB Pedro Medrano 0-0: Ball
1-0: Ball
2-0: Foul Ball, location: 2F
2-1: Ball
3-1: Base on Balls
Batting: RHB Matt Mechler 0-0: Called Strike
0-1: Called Strike
0-2: Ball
1-2: Ball
2-2: Strikes out looking
Batting: RHB Santo Alonso 0-0: Called Strike
Pedro Medrano is caught stealing 2nd base 2-4
Top of the 5th over - 0 runs, 0 hits, 0 errors, 0 left on base; Texas 1 - Houston 1
BOTTOM OF THE 5TH
Houston Astros batting - Pitching for Texas Rangers : LHP Sebastian Nodal
Batting: SHB Rylan Hayes 0-0: DOUBLE (Line Drive, 3D, EV 99.4 MPH)
Batting: RHB Nicky Alvarez 0-0: Foul Ball, location: 2F
0-1: Ball
1-1: Ball
2-1: SINGLE (Flyball, 78S, EV 89.4 MPH)
Rylan Hayes to third
Batting: RHB Nick Burkard 0-0: Ball
Nicky Alvarez steals 2nd base
1-0: Called Strike
1-1: Swinging Strike
1-2: Fielders Choice attempt at home, Runner SAFE. 5-2 (Groundball, 56S, EV 77.5 MPH)
Nicky Alvarez to third
Batting: LHB Fallon Harrigan 0-0: Fly out, F9 (Line Drive, 9D, EV 91.9 MPH)
Runner from 3rd tags up, SCORES, no throw by RF
Batting: RHB Bill Thyfault 0-0: Ball
1-0: 2-RUN HOME RUN (Flyball, 8LXD, EV 111.3 MPH), Distance : 436 ft
Batting: RHB Joshua Massengill 0-0: Ball
1-0: Ball
2-0: Swinging Strike
2-1: Foul Ball, location: 7LMF
2-2: Strikes out swinging
Batting: LHB Caleb England 0-0: Foul Ball, location: 7LSF
0-1: Swinging Strike
0-2: DOUBLE (Line Drive, 7LS, EV 100.0 MPH)
Pitching: LHP Mario Valle
Batting: RHB Stephan Davis 0-0: Foul Ball, location: 2F
0-1: Called Strike
0-2: 2-RUN HOME RUN (Flyball, 78XD, EV 101.3 MPH), Distance : 422 ft
Batting: RHB P.J. Sandino 0-0: Ball
1-0: Called Strike
1-1: Ball
2-1: Ground out 5-3 (Groundball, 6S, EV 68.1 MPH)
Bottom of the 5th over - 6 runs, 5 hits, 0 errors, 0 left on base; Texas 1 - Houston 7
TOP OF THE 6TH
Texas Rangers batting - Pitching for Houston Astros : LHP Jordan Dozier
Batting: RHB Santo Alonso 0-0: Fly out, F8 (Line Drive, 89M, EV 91.9 MPH)
Batting: RHB Fee Durrell 0-0: Foul Ball, location: 7LMF
0-1: Ball
1-1: Foul Ball, location: 5SF
1-2: Ball
2-2: Strikes out looking
Batting: RHB Roman De Gama 0-0: Ball
1-0: Ground out 6-3 (Groundball, 6, EV 99.4 MPH)
Top of the 6th over - 0 runs, 0 hits, 0 errors, 0 left on base; Texas 1 - Houston 7
BOTTOM OF THE 6TH
Houston Astros batting - Pitching for Texas Rangers : LHP Mario Valle
Batting: SHB Rylan Hayes 0-0: SINGLE (Groundball, 6MD, EV 81.9 MPH) (infield hit)
Batting: RHB Nicky Alvarez 0-0: Ball
1-0: Ball
2-0: Ball
3-0: Base on Balls
Rylan Hayes to second
Batting: RHB Nick Burkard 0-0: Ball
1-0: Ball
2-0: SINGLE (Groundball, 56D, EV 92.5 MPH) (infield hit)
Rylan Hayes to third
Nicky Alvarez to second
Batting: LHB Fallon Harrigan 0-0: Ball
1-0: Foul Ball, location: 2F
1-1: Ball
2-1: Foul Ball, location: 23FF
2-2: Fly out, F8 (Flyball, 8LD, EV 108.8 MPH)
Runner from 3rd tags up, SCORES, throw by CF
Batting: RHB Bill Thyfault 0-0: Swinging Strike
0-1: SINGLE (Groundball, 4MD, EV 97.5 MPH)
Nicky Alvarez to third
Nick Burkard to second
Batting: RHB Joshua Massengill 0-0: Ball
1-0: SINGLE (Line Drive, 6D, EV 95.0 MPH)
Nicky Alvarez scores
Nick Burkard to third
Bill Thyfault to second
Batting: LHB Caleb England 0-0: Ball
1-0: Called Strike
1-1: Ball
2-1: Foul Ball, location: 25FF
2-2: Foul Ball, location: 7LDF
2-2: Ball
3-2: Grounds into fielders choice 1-2 (Groundball, 13S, EV 71.9 MPH)
Bill Thyfault to third
Joshua Massengill to second
Batting: RHB Stephan Davis 0-0: Called Strike
0-1: Called Strike
0-2: Fly out, F7 (Flyball, 7LM, EV 82.5 MPH)
Bottom of the 6th over - 2 runs, 4 hits, 0 errors, 3 left on base; Texas 1 - Houston 9
TOP OF THE 7TH
Texas Rangers batting - Pitching for Houston Astros : LHP Jordan Dozier
Batting: RHB Yanus Cartageno 0-0: Ball
1-0: Ball
2-0: Called Strike
2-1: Foul Ball, location: 3SF
2-2: Ball
3-2: Ground out 5-3 (Groundball, 56S, EV 89.4 MPH)
Pinch Hitting: RHB Henry Contreras 0-0: Called Strike
0-1: Fly out, F9 (Flyball, 9, EV 86.3 MPH)
Batting: RHB Marco Ramos 0-0: Swinging Strike
0-1: Fly out, F8 (Flyball, 78M, EV 91.9 MPH)
Top of the 7th over - 0 runs, 0 hits, 0 errors, 0 left on base; Texas 1 - Houston 9
BOTTOM OF THE 7TH
Houston Astros batting - Pitching for Texas Rangers : LHP Mario Valle
Now in LF: Fee Durrell
Now in RF: Jedediah Graves
Batting: RHB P.J. Sandino 0-0: Swinging Strike
0-1: Ball
1-1: Swinging Strike
1-2: Strikes out looking
Batting: SHB Rylan Hayes 0-0: Called Strike
0-1: Ball
1-1: Swinging Strike
1-2: Foul Ball, location: 9LDF
1-2: Strikes out swinging
Batting: RHB Nicky Alvarez 0-0: Fly out, F8 (Flyball, 8LD, EV 81.3 MPH)
Bottom of the 7th over - 0 runs, 0 hits, 0 errors, 0 left on base; Texas 1 - Houston 9
TOP OF THE 8TH
Texas Rangers batting - Pitching for Houston Astros : LHP Jordan Dozier
Pitching: RHP Sawyer Ritter
Batting: LHB Danby Keller 0-0: Foul Ball, location: 23FF
0-1: DOUBLE (Line Drive, 89D, EV 96.3 MPH)
Batting: RHB Pedro Medrano 0-0: Called Strike
0-1: Called Strike
0-2: Ball
1-2: Strikes out swinging
Batting: RHB Matt Mechler 0-0: Ball
1-0: Ball
2-0: Foul Ball, location: 2F
2-1: Ball
3-1: Ground out 4-3 (Groundball, 4, EV 87.5 MPH)
Danby Keller to third
Batting: RHB Santo Alonso 0-0: Swinging Strike
0-1: Ball
1-1: Fly out, F7 (Line Drive, 7S, EV 90.0 MPH)
Top of the 8th over - 0 runs, 1 hit, 0 errors, 1 left on base; Texas 1 - Houston 9
BOTTOM OF THE 8TH
Houston Astros batting - Pitching for Texas Rangers : LHP Mario Valle
Batting: RHB Nick Burkard 0-0: Ball
1-0: Ground out 6-3 (Groundball, 6, EV 92.5 MPH)
Batting: LHB Fallon Harrigan 0-0: Swinging Strike
0-1: Swinging Strike
0-2: Foul Ball, location: 2LF
0-2: Strikes out swinging
Batting: RHB Bill Thyfault 0-0: Ball
1-0: TRIPLE (Line Drive, 9D, EV 110.6 MPH)
Batting: RHB Joshua Massengill 0-0: Called Strike
0-1: Ball
1-1: Ball
2-1: Swinging Strike
2-2: 2-RUN HOME RUN (Flyball, 7LD, EV 95.0 MPH), Distance : 347 ft
Batting: LHB Caleb England 0-0: SINGLE (Groundball, 6MD, EV 94.4 MPH)
Batting: RHB Stephan Davis 0-0: Swinging Strike
0-1: Ground out 5-3 (Groundball, 15, EV 82.5 MPH)
Bottom of the 8th over - 2 runs, 3 hits, 0 errors, 1 left on base; Texas 1 - Houston 11
TOP OF THE 9TH
Texas Rangers batting - Pitching for Houston Astros : RHP Sawyer Ritter
Batting: RHB Fee Durrell 0-0: Called Strike
0-1: Ball
1-1: Ball
2-1: Foul Ball, location: 2RF
2-2: Foul Ball, location: 9LDF
2-2: Strikes out swinging
Batting: RHB Roman De Gama 0-0: Called Strike
0-1: Ball
1-1: Fly out, F7 (Flyball, 7D, EV 90.6 MPH)
Batting: RHB Yanus Cartageno 0-0: Ball
1-0: Ground out 6-3 (Groundball, 6D, EV 100.0 MPH)
Top of the 9th over - 0 runs, 0 hits, 0 errors, 0 left on base; Texas 1 - Houston 11
Monday, April 1st , 2024 - OOTP Baseball 24.11 Build 85